 Dungeon Crawl Stone Soup version 0.24-b1-44-g37ad8b309f (webtiles) character file.

Game seed: 9314580507177352471, levelgen mode: deterministic

919 Ruokin the Slasher (level 8, -1/61 HPs)
             Began as a Human Berserker on Oct 23, 2019.
             Was an Elder of Trog.
             Slain by an ogre
             ... wielding a cursed -1 giant club
              (9 damage)
             ... on level 5 of the Dungeon.
             The game lasted 00:18:02 (4730 turns).

Ruokin the Slasher (Human Berserker)                Turns: 4730, Time: 00:18:03

Health: -1/61      AC: 14    Str: 22    XL:     8   Next: 31%
Magic:  8/8        EV:  8    Int:  8    God:    Trog [****..]
Gold:   240        SH:  0    Dex: 13    Spells: 7/7 levels left

rFire    . . .     SeeInvis .   v - +0 scythe
rCold    . . .     Gourm    .   (shield currently unavailable)
rNeg     . . .     Faith    .   w - +0 plate armour
rPois    .         Spirit   .   (no helmet)
rElec    .         Reflect  .   (no cloak)
rCorr    .         Harm     .   l - +0 pair of gloves
MR       ++...                  i - +0 pair of boots
Stlth    ..........             (no amulet)
HPRegen  1.20/turn              d - +3 ring of strength
MPRegen  0.11/turn              (no ring)

@: berserk cooldown, starving, regenerating, slowed, very slow
A: no striking features
a: Berserk, Trog's Hand, Brothers in Arms, Renounce Religion


You were on level 5 of the Dungeon.
You worshipped Trog.
Trog was greatly pleased with you.
You were starving.

You visited 1 branch of the dungeon, and saw 5 of its levels.

You collected 240 gold pieces.

Inventory:

Hand Weapons
 a - a +0 falchion
 f - a +0 long sword
 t - a +1 whip of pain
 v - a +0 scythe (weapon)
Armour
 b - a +0 animal skin
 i - a +0 pair of boots (worn)
 l - a +0 pair of gloves (worn)
 m - a +0 leather armour
 n - a +0 ring mail
 w - a +0 plate armour (worn)
Jewellery
 d - a +3 ring of strength (left hand)
 q - an uncursed ring of attention
 A - a +2 ring of intelligence
 D - an uncursed ring of stealth {unknown}
 F - an uncursed ring of protection from fire {unknown}
Wands
 r - a wand of clouds (3)
 C - a wand of acid (12)
Scrolls
 e - 3 scrolls of immolation {unknown}
 o - 3 scrolls of teleportation {unknown}
 p - 2 scrolls of amnesia {unknown}
 u - 3 scrolls of remove curse
 y - a scroll of fear {unknown}
 B - 2 scrolls of magic mapping {unknown}
 E - a scroll of identify
Potions
 g - 2 potions of flight
 h - 2 potions of mutation
 j - a potion of agility {unknown}
 k - 2 potions of curing
 s - 5 potions of degeneration
 x - a potion of haste {unknown}
 z - a potion of invisibility {unknown}
Comestibles
 c - 9 rations
 G - a chunk of flesh


   Skills:
 + Level 4.9 Fighting
 + Level 5.7 Long Blades
 + Level 3.2 Polearms
 + Level 4.5 Armour
 + Level 3.5 Dodging
 + Level 0.8 Stealth


You had 7 spell levels left.
You didn't know any spells.
Your spell library contained the following spells:

 Spells                   Type           Power        Failure   Level  Hunger
 Magic Dart               Conj           #...         100%        1    ##.....
 Blink                    Tloc           N/A          100%        2    ###....
 Call Imp                 Summ           #.......     100%        2    ###....
 Slow                     Hex            #.......     100%        2    ###....
 Conjure Flame            Conj/Fire      #.......     100%        3    ####...
 Mephitic Cloud           Conj/Pois/Air  #.......     100%        3    ####...


Dungeon Overview and Level Annotations

Branches:
Dungeon (5/15)
 Temple: D:4-7

Altars:
Elyvilon
Fedhas
Uskayaw
Zin


Message History

You are too injured to fight recklessly!
You fail to use your ability.
The ogre hits you but does no damage.
You closely miss the ogre.
The ogre is moderately wounded.
The ogre hits you with a cursed -1 giant club!
The phantom misses you. The ogre barely misses you.
The phantom closely misses you.
The ogre hits you with a cursed -1 giant club!
* * * LOW HITPOINT WARNING * * *
You feel the effects of Trog's Hand fading.
The phantom hits you.
* * * LOW HITPOINT WARNING * * *
The phantom blinks!
The ogre hits you with a cursed -1 giant club!
* * * LOW HITPOINT WARNING * * *
Your polar bear goes berserk!
You feel quite a bit more hungry.
You are starving!
The ogre hits you with a cursed -1 giant club!
You die...

#.......... #......>...
############# #..........
##.....#.....## #..........
##.............###..........
#...............##..........
#...............###.........
#...............# ##........
#.....W...O@....##.....##.#.
#..................##.......
#........h......### .###...
##.............## ..#....
##...........## #......
######.##...# #......
#.##.#..### #....<.
######..#.##.... .......
#.......#..#.##...####....


You could see a phantom, an ogre and a friendly polar bear (berserk).

Vanquished Creatures
  Sigmund (D:3)
  An ice beast (D:5)
  An ogre (D:4)
  A centaur (D:5)
  2 jellies (D:5)
  An orc priest (D:5)
  A hound (D:5)
  3 orc wizards (D:5)
  Ijyb (D:2)
  2 worker ants (D:4)
  A howler monkey skeleton (D:5)
  3 adders
  A shadow imp (D:5)
  An ooze (D:1)
  An adder zombie (D:5)
  An adder skeleton (D:5)
  2 worms (D:3)
  A dart slug (D:2)
  6 leopard geckos
  23 orcs
  2 ball pythons
  6 giant cockroaches
  16 goblins
  7 hobgoblins
  13 jackals
  10 kobolds
  2 quokkas
  A ball python skeleton (D:4)
  6 bats
  4 frilled lizards
  A leopard gecko skeleton (D:4)
  A quokka zombie (D:5)
  15 rats
138 creatures vanquished.

Vanquished Creatures (collateral kills)
  A crimson imp (D:4)
  An adder (D:4)
  An orc (D:4)
3 creatures vanquished.

Grand Total: 141 creatures vanquished

Notes
Turn   | Place    | Note
-------+----------+-------------------------------------------
     0 | D:1      | Ruokin the Human Berserker began the quest for the Orb.
     0 | D:1      | Reached XP level 1. HP: 18/18 MP: 1/1
   156 | D:1      | Reached XP level 2. HP: 24/24 MP: 2/2
   305 | D:1      | Reached XP level 3. HP: 25/29 MP: 3/3
   626 | D:1      | Reached ** piety under Trog
  1003 | D:2      | Noticed a +0 dagger
  1003 | D:2      | Noticed a +0 hand axe
  1013 | D:2      | Reached XP level 4. HP: 36/36 MP: 4/4
  1086 | D:2      | Found a hide-covered altar of Uskayaw.
  1565 | D:2      | Noticed Ijyb
  1570 | D:2      | Reached skill level 4 in Long Blades
  1577 | D:2      | Killed Ijyb
  1577 | D:2      | Reached *** piety under Trog
  1577 | D:2      | Reached XP level 5. HP: 42/42 MP: 5/5
  1956 | D:3      | Found a glowing silver altar of Zin.
  1997 | D:3      | Found a blossoming altar of Fedhas.
  2488 | D:3      | Reached **** piety under Trog
  2501 | D:3      | Reached XP level 6. HP: 48/48 MP: 6/6
  2829 | D:3      | Noticed Sigmund
  2835 | D:3      | Killed Sigmund
  2835 | D:3      | Reached skill level 5 in Long Blades
  3022 | D:4      | Noticed an ogre
  3028 | D:4      | Killed an ogre
  3028 | D:4      | Reached XP level 7. HP: 14/55 MP: 7/7
  3867 | D:5      | Entered Level 5 of the Dungeon
  3874 | D:5      | Reached skill level 1 in Polearms
  4337 | D:5      | Reached XP level 8. HP: 29/61 MP: 8/8
  4569 | D:5      | Found a white marble altar of Elyvilon.
  4730 | D:5      | Slain by an ogre

Skill      XL: |  1  2  3  4  5  6  7  8 |
---------------+-------------------------+-----
Long Blades    | 4 5 |  5.7
Fighting       | 4 |  4.9
Dodging        | 3 |  3.5
Armour         | 3 4 |  4.5
Polearms       | 2 3 |  3.2
Stealth        | |  0.8

Action                   |  1- 3 |  4- 6 |  7- 9 || total
-------------------------+-------+-------+-------++-------
Melee: Falchion          |    97 |   215 |       ||   312
       Scythe            |       |    11 |   170 ||   181
Invok: Berserk           |     1 |     6 |     5 ||    12
       Trog's Hand       |       |     1 |     3 ||     4
       Brothers in Arms  |       |       |     3 ||     3
  Use: Scroll            |       |     4 |     4 ||     8
       Potion            |       |       |     1 ||     1
 Stab: Sleeping          |     1 |       |       ||     1
  Eat: Chunk             |       |     4 |     1 ||     5
       Ration            |       |     3 |     3 ||     6
Armor: Animal skin       |    16 |       |       ||    16
       Leather armour    |    11 |    16 |       ||    27
       Ring mail         |       |    43 |       ||    43
       Plate armour      |       |     5 |   266 ||   271
Dodge: Dodged            |    74 |   158 |   157 ||   389
       Rpst.: Falchion   |    24 |    41 |       ||    65
